 Dungeon Crawl Stone Soup version 0.29.0-4-gdea44cf6ec (webtiles) character file.

Game seed: 7993350305181982123

40 qw the Ruffian (level 3, 0/28 HPs)
             Began as a Ghoul Fire Elementalist on Aug 29, 2022.
             Slain by a gnoll
             ... wielding a +0 flail
              (7 damage)
             ... on level 2 of the Dungeon.
             The game lasted 00:01:12 (1265 turns).

qw the Ruffian (Ghoul Fire Elementalist)            Turns: 1265, Time: 00:01:12

Health: 0/28       AC:  4    Str: 13    XL:     3   Next: 50%
Magic:  4/4        EV: 11    Int: 10    God:
Gold:   29         SH:  0    Dex:  9    Spells: 4/5 levels left

rFire   . . .      SeeInvis .     - Unarmed
rCold   + . .      Faith    .   (no shield)
rNeg    + + +      Spirit   .   c - +0 leather armour
rPois   inf        Reflect  .   (no helmet)
rElec   .          Harm     .   (no cloak)
rCorr   .          Rampage  .   e - +0 pair of gloves
Will    .....                   (no boots)
Stlth   +.........              (no amulet)
HPRegen 0.00/turn               (no ring)
MPRegen 0.09/turn               (no ring)

@: inhibited regen
A: claws 1, cold resistance 1, negative energy resistance 3, inhibited
regeneration, torment resistance 2, devour on kill
a: no special abilities


You were on level 2 of the Dungeon.
You visited 1 branch of the dungeon, and saw 2 of its levels.

You collected 29 gold pieces.


Innate Abilities, Weirdness & Mutations

You are immune to poison.
You have sharp fingernails.
Your flesh is cold resistant. (rC+)
You are immune to negative energy. (rN+++)
You do not regenerate when monsters are visible.
You are immune to unholy pain and torment.
You thrive by killing the living.


   Skills:
 - Level 1.0 Fighting
 - Level 1.7 Dodging
 - Level 2.1 Stealth
 + Level 3.0 Unarmed Combat
 - Level 1.7 Spellcasting
 - Level 0.7 Conjurations
 - Level 2.4 Fire Magic


You had 4 spell levels left.
You knew the following spells:

 Your Spells              Type           Power      Damage    Failure   Level
a - Foxfire               Conj/Fire      16%        2x1d4     22%         1

Your spell library contained the following spells:

 Spells                   Type           Power      Damage    Failure   Level
 Scorch                   Fire           10%        2d6       22%         2
 Conjure Flame            Conj/Fire      4%         6-21      54%         3
 Inner Flame              Hex/Fire       3%         N/A       58%         3
 Flame Wave               Conj/Fire      4%         2d5       91%         4

Inventory:

Armour
 c - a +0 leather armour (worn)
 e - a +0 pair of gloves (worn)
Scrolls
 f - a scroll of identify

Dungeon Overview and Level Annotations

Branches:
Dungeon (2/15)

Altars:


Message History

The gnoll is heavily wounded.
The gnoll closely misses you.
You hit the gnoll.
The gnoll is heavily wounded.
The gnoll hits you with a +0 whip.
You barely miss the gnoll.
The gnoll is heavily wounded.
The gnoll hits you with a +0 whip.
1256 ||| DRINKING potion of heal wounds.
You feel much better. The gnoll closely misses you.
You closely miss the gnoll.
The gnoll is heavily wounded.
The gnoll hits you with a +0 whip.
You barely miss the gnoll.
The gnoll is heavily wounded.
The gnoll barely misses you.
You hit the gnoll.
The gnoll is almost dead.
The gnoll hits you with a +0 whip!
You closely miss the gnoll.
The gnoll is almost dead.
The gnoll hits you with a +0 whip.
You hit the gnoll.
The gnoll is almost dead.
The gnoll completely misses you.
You hit the gnoll but do no damage.
The gnoll is almost dead.
The gnoll hits you with a +0 whip.
You hit the gnoll.
You kill the gnoll!
You feel better.
Your Unarmed Combat skill increases to level 3!
You hit the gnoll.
The gnoll is heavily wounded.
The gnoll closely misses you.
You hit the gnoll but do no damage.
The gnoll is heavily wounded.
The gnoll hits you with a +0 flail!
You die...

## ### .. ..#
##.##.###.# #
#....rg.g.# ..
#g# #.###@#####
###.).......# #
......%..####.##.
########.#.......
#.....(..#
#.####<###
#......%...#
######.##### ...


You could see 2 gnolls and a rat.

Vanquished Creatures
  A gnoll (D:2)
  3 dart slugs
  6 bats
  2 endoplasms (D:1)
  2 goblins (D:1)
  3 hobgoblins (D:1)
  A kobold (D:1)
  A quokka (D:1)
  5 rats (D:1)
24 creatures vanquished.

Notes
Turn   | Place    | Note
-------+----------+-------------------------------------------
     0 | D:1      | qw the Ghoul Fire Elementalist began the quest for the Orb.
     0 | D:1      | Reached XP level 1. HP: 14/14 MP: 2/2
     0 | D:1      | 0 ||| qw: Version: 0.1-a-90-g952f4b7
     0 | D:1      | 0 ||| qw: Game counter: 3967
     0 | D:1      | 0 ||| qw: Always use a shield: true
     0 | D:1      | 0 ||| qw: God list: Okawaru
     0 | D:1      | 0 ||| qw: Allow faded altars: false
     0 | D:1      | 0 ||| qw: Do Orc after D:15 true
     0 | D:1      | 0 ||| qw: Do second Lair branch before Depths: true
     0 | D:1      | 0 ||| qw: Lair rune preference: random
     0 | D:1      | 0 ||| qw: Plans: Normal
     0 | D:1      | 0 ||| PLANNING D:1-11
   150 | D:1      | Reached skill level 1 in Unarmed Combat
   333 | D:1      | Reached XP level 2. HP: 15/22 MP: 3/3
   463 | D:1      | Reached skill level 1 in Fighting
   627 | D:1      | 627 ||| Stepping ~*~*~tactically~*~*~ (stealth).
   628 | D:1      | 628 ||| Stepping ~*~*~tactically~*~*~ (stealth).
   630 | D:1      | 630 ||| Stepping ~*~*~tactically~*~*~ (stealth).
   671 | D:1      | 671 ||| Stepping ~*~*~tactically~*~*~ (stealth).
   681 | D:1      | Reached skill level 2 in Unarmed Combat
   736 | D:1      | 736 ||| Stepping ~*~*~tactically~*~*~ (hiding).
   927 | D:1      | Reached XP level 3. HP: 28/28 MP: 4/4
  1171 | D:1      | 1171 ||| UPGRADING to +0 leather armour.
  1181 | D:1      | 1181 ||| DROPPING +0 robe.
  1182 | D:1      | 1182 ||| UPGRADING to +0 pair of gloves.
  1187 | D:1      | 1187 ||| READING 3 scrolls labelled ZUFOZA OH CEP.
  1188 | D:1      | 1188 ||| READING scroll labelled RANOPP DAFE.
  1189 | D:1      | 1189 ||| READING scroll labelled LEIWEREESS.
  1190 | D:1      | 1190 ||| READING scroll labelled PICIHI EBLIECUYGEX.
  1191 | D:1      | 1191 ||| READING scroll labelled ODWUGIZUQU.
  1192 | D:1      | 1192 ||| READING 2 scrolls of identify.
  1192 | D:1      | 1192 ||| IDENTIFYING green potion
  1193 | D:1      | 1193 ||| DROPPING potion of magic.
  1249 | D:2      | 1249 ||| Stepping ~*~*~tactically~*~*~ (outnumbered).
  1250 | D:2      | 1250 ||| Stepping ~*~*~tactically~*~*~ (outnumbered).
  1251 | D:2      | 1251 ||| Stepping ~*~*~tactically~*~*~ (outnumbered).
  1255 | D:2      | HP: 4/28 [gnoll/+0 whip (4)]
  1256 | D:2      | 1256 ||| DRINKING potion of heal wounds.
  1260 | D:2      | HP: 6/28 [gnoll/+0 whip (2)]
  1264 | D:2      | Reached skill level 3 in Unarmed Combat
  1265 | D:2      | Slain by a gnoll

Levels and vault maps discovered:
D:1:      wander_arrival_lonely_grave, layout_loops_ring
D:2:      layout_basic

Skill      XL: |  1  2  3 |
---------------+----------+-----
Unarmed Combat | 1 2 3 |  3.0
Fighting       | 1 |  1.0
Dodging        | |  1.7
Stealth        | |  2.1
Spellcasting   | |  1.7
Conjurations   | |  0.7
Fire Magic     | |  2.4

Action                   || total
-------------------------++-------
Melee: Unarmed           ||   102
  Use: Scroll            ||     6
       Potion            ||     1
 Stab: Sleeping          ||     1
Armor: Robe              ||    23
       Leather armour    ||     7
Dodge: Dodged            ||    54

Table legend:
 A = Non-vault XP
 B = Vault XP
 C = Vault XP percentage of total XP
 D = Non-vault monster count
 E = Vault monster count
 F = Vault count percentage of total count
                 A         B        C        D         E       F
            +---------+---------+-------+---------+---------+-------
      Total |      58 |       0 |   0.0 |      24 |       0 |   0.0
            +---------+---------+-------+---------+---------+-------
        D:1 |      38 |       0 |   0.0 |      21 |       0 |   0.0
        D:2 |      20 |       0 |   0.0 |       3 |       0 |   0.0
            +---------+---------+-------+---------+---------+-------
